 Dungeon Crawl Stone Soup version 0.29.1-15-g9cfb28693d (webtiles) character file.

Game seed: 1174821853256752754

71 Ast3rio the Chopper (level 4, 0/41 HPs)
             Began as a Minotaur Berserker on Feb 27, 2023.
             Was a Follower of Trog.
             Frozen to death by an endoplasm (3 damage)
             ... on level 3 of the Dungeon.
             The game lasted 00:03:50 (1922 turns).

Ast3rio the Chopper (Minotaur Berserker)            Turns: 1922, Time: 00:03:50

Health: 0/41       AC:  5    Str: 23    XL:     4   Next: 5%
Magic:  3/3        EV: 11    Int:  4    God:    Trog [*.....]
Gold:   101        SH:  0    Dex: 10    Spells: 3/3 levels left

rFire   . . .      SeeInvis .   a - +0 hand axe
rCold   . . .      Faith    .   (no shield)
rNeg    . . .      Spirit   .   d - +0 ring mail
rPois   .          Reflect  .   (helmet restricted)
rElec   .          Harm     .   (no cloak)
rCorr   .          Rampage  .   (no gloves)
Will    .....                   (no boots)
Stlth   +.........              (no amulet)
HPRegen 0.13/turn               (no ring)
MPRegen 0.08/turn               (no ring)

@: on berserk cooldown, slowed, very slow
A: horns 2, retaliatory headbutt
a: Renounce Religion, Berserk


You were on level 3 of the Dungeon.
You worshipped Trog.
Trog was aware of your devotion.
You visited 1 branch of the dungeon, and saw 3 of its levels.

You collected 101 gold pieces.

Inventory:

Hand Weapons
 a - a +0 hand axe (weapon)
Armour
 b - a +0 animal skin
 d - a +0 ring mail (worn)
Jewellery
 i - a ring of see invisible
 m - an amulet of the acrobat
 p - a ring of flight
Scrolls
 c - 2 scrolls of magic mapping {unknown}
 e - a scroll of butterflies {unknown}
 h - a scroll of acquirement {unknown}
 j - a scroll of amnesia {unknown}
 l - a scroll of immolation {unknown}
 o - a scroll of teleportation {unknown}
Potions
 f - a potion of flight {unknown}
 g - 2 potions of curing {unknown}
 k - a potion of degeneration {unknown}
 n - a potion of heal wounds {unknown}


   Skills:
 + Level 4.5 Fighting
 + Level 4.7 Axes
 + Level 3.0 Armour
 + Level 2.5 Dodging
 + Level 0.2 Stealth


You had 3 spell levels left.
You didn't know any spells.
Your spell library was empty.

Dungeon Overview and Level Annotations

Branches:
Dungeon (3/15)

Altars:


Innate Abilities, Weirdness & Mutations

You have a pair of horns on your head.
You reflexively headbutt those who attack you in melee.


Message History

Robin throws the goblin at you!
* * * LOW HITPOINT WARNING * * *
The goblin hits you with a +0 club.
* * * LOW HITPOINT WARNING * * *
You closely miss Robin. Your headbutt misses Robin.
Robin is moderately wounded.
You hit the hobgoblin.
You kill the hobgoblin!
Trog accepts your kill.
You slash the goblin!
You kill the goblin!
Trog accepts your kill. Robin throws the goblin at you!
The goblin barely misses you. You furiously retaliate!
You headbutt the goblin!
You kill the goblin!
Trog accepts your kill.
Your Armour skill increases to level 3!
You slash Robin!
Robin is almost dead.
You slash the hobgoblin!
You kill the hobgoblin!
Trog accepts your kill.
You hit Robin.
You kill Robin!
Trog accepts your kill.
You have reached level 4!
You feel agile.
You miss the goblin. The goblin barely misses you. You furiously retaliate!
You headbutt the goblin!
You kill the goblin!
Trog accepts your kill.
Items here: )) / [[ ††.
You feel a strong urge to attack something.
Found a trident.
You are no longer berserk.
You are exhausted.
You feel yourself slow down. The endoplasm freezes you.
You are frozen.
You die...

##..### #..#
##.....###..#
##......>##..#
..........#..#######
...................#
..)................#
...................#
.......@J..).)$)...#
.#.......#..))..).<#
.....[$...#.......##
.................##
#.........##.....#
#.........#.......#
#.....).<.#.......#
##.^.....##..[....#
#...


You could see an endoplasm.

Vanquished Creatures
  Robin (D:3)
  An adder (D:2)
  A worm (D:2)
  A dart slug (D:1)
  5 bats
  3 endoplasms
  3 giant cockroaches
  8 hobgoblins
  3 kobolds
  2 quokkas
  A frilled lizard (D:1)
  8 goblins
  6 rats
43 creatures vanquished.

Notes
Turn   | Place    | Note
-------+----------+-------------------------------------------
     0 | D:1      | Ast3rio the Minotaur Berserker began the quest for the Orb.
     0 | D:1      | Reached XP level 1. HP: 19/19 MP: 0/0
   220 | D:1      | Reached XP level 2. HP: 27/27 MP: 1/1
   485 | D:1      | Found a faded altar of an unknown god.
  1495 | D:2      | Reached XP level 3. HP: 33/33 MP: 2/2
  1903 | D:3      | Noticed Robin
  1913 | D:3      | HP: 2/51 [goblin/+0 club[Robin] (1)]
  1916 | D:3      | Killed Robin
  1917 | D:3      | Reached XP level 4. HP: 3/41 MP: 3/3
  1922 | D:3      | Frozen to death by an endoplasm

Illustrated notes

Levels and vault maps discovered:
D:1:      tarquinn_simple_flora_water_d, layout_loops_ring,
          hellmonk_ecumenical_altar_leap_of_faith, serial_bayou_pond_d
D:2:      layout_loops_ring
D:3:      layout_rooms, elyvilon_altar_5, serial_shops, shop, st_stairs_7,
          uniq_robin

Skill      XL: |  1  2  3 |
---------------+----------+-----
Axes           | 4 |  4.7
Fighting       | 4 |  4.5
Armour         | 3 |  3.0
Dodging        | |  2.5
Stealth        | |  0.2

Action                   |  1- 3 |  4- 6 || total
-------------------------+-------+-------++-------
Melee: Hand axe          |    64 |     1 ||    65
       Headbutt          |    11 |       ||    11
Invok: Berserk           |     1 |       ||     1
Armor: Ring mail         |    27 |       ||    27
Dodge: Dodged            |    37 |     1 ||    38
